 Dungeon Crawl Stone Soup version 0.23-a0-650-ga4d50d4 (webtiles) character file.

4 Amnesiac the Sneak (level 1, -2/7 HPs)
             Began as a Felid Earth Elementalist on Jan 5, 2019.
             Killed by nerve-wracking pain
             ... invoked by Jessica
              (9 damage)
             ... on level 3 of the Dungeon.
             The game lasted 00:00:23 (117 turns).

Amnesiac the Sneak (Felid Earth Elementalist)        Turns: 117, Time: 00:00:24

Health: -2/7       AC:  1    Str:  4    XL:     1   Next: 58%
Magic:  3/4        EV: 18    Int: 16    God:
Gold:   0          SH:  0    Dex: 16    Spells: 3/4 levels left
                                        Lives:  0   Deaths: 0

rFire    . . .     SeeInvis +   (weapon unavailable)
rCold    . . .     Gourm    .   (shield unavailable)
rNeg     . . .     Faith    .   (armour unavailable)
rPois    .         Spirit   .   (helmet unavailable)
rElec    .         Reflect  .   (cloak unavailable)
rCorr    .         Harm     .   (gloves unavailable)
MR       .....                  (boots unavailable)
Stlth    +++.......             (no amulet)
HPRegen  0.02/turn              (no ring)
MPRegen  0.09/turn              (no ring)

@: quick
A: very small, no armour, no weapons or thrown items, stealth, claws 1, fangs 3,
see invisible, carnivore, speed 1, shaggy fur 1, slow metabolism 1, sharp paws
a: no special abilities


You were on level 3 of the Dungeon.
You were not hungry.

You visited 1 branch of the dungeon, and saw 3 of its levels.

Inventory:

Missiles
 b - 44 stones
Comestibles
 c - a ration


   Skills:
 - Level 2.6 Dodging
 + Level 2.8 Stealth
 + Level 0.2 Unarmed Combat
 + Level 2.0 Spellcasting
   Level 1.1 Transmutations
 * Level 2.8 Earth Magic


You had 3 spell levels left.
You knew the following spells:

 Your Spells              Type           Power        Failure   Level  Hunger
a - Sandblast             Erth           ##....       6%          1    #......

Your spell library contained the following spells:

 Spells                   Type           Power        Failure   Level  Hunger
 Passwall                 Tmut/Erth      #.......     14%         2    ###....
 Stone Arrow              Conj/Erth      #.....       34%         3    ###....
 Petrify                  Tmut/Erth      #.......     67%         4    #####..
 Lee's Rapid Deconstruct  Erth           ##........   87%         5    ######.


Dungeon Overview and Level Annotations

Branches:
Dungeon (3/15)

Altars:

Annotations:
D:3 Jessica


Innate Abilities, Weirdness & Mutations

You cannot wear armour.
You are incapable of wielding weapons or throwing items.
Your paws allow you to move quietly. (Stealth)
You have sharp claws.
You have razor-sharp teeth.
You have supernaturally acute eyesight. (SInv)
You are carnivorous and can eat meat at any time.
You cover ground quickly.
You are covered in fur. (AC +1)
You have a slow metabolism.
Your sharp claws are effective at attacking unaware monsters.


Message History

Things that are here:
a +0 club; a goblin skeleton
There is an escape hatch in the floor here.
You slide downwards.
The hatch slams shut behind you.
A worm comes into view.
Found 18 arrows.
Found a stone staircase leading down.
Casting: Sandblast (safe; 7% risk of failure)
Confirm with . or Enter, or press ? or * to list all spells.
Aiming: Sandblast (safe; 7% risk of failure)
Press: ? - help, Shift-Dir - straight line, f - worm
Aim: a worm The blast of sand hits the worm.
The worm is heavily wounded.
b - 47 stones
Found a stone staircase leading down.
Casting: Sandblast (safe; 7% risk of failure)
Confirm with . or Enter, or press ? or * to list all spells.
Aiming: Sandblast (safe; 7% risk of failure)
Press: ? - help, Shift-Dir - straight line, f/p - worm
Aim: a worm (moderately wounded)
The blast of sand hits the worm.
The worm is moderately wounded.
b - 46 stones
Casting: Sandblast (safe; 7% risk of failure)
Confirm with . or Enter, or press ? or * to list all spells.
Aiming: Sandblast (safe; 7% risk of failure)
Press: ? - help, Shift-Dir - straight line, f/p - worm
Aim: a worm (moderately wounded)
The blast of sand hits the worm.
The worm is heavily wounded.
b - 45 stones
Casting: Sandblast (safe; 7% risk of failure)
Confirm with . or Enter, or press ? or * to list all spells.
Aiming: Sandblast (safe; 7% risk of failure)
Press: ? - help, Shift-Dir - straight line, f/p - worm
Aim: a worm (moderately wounded)
The blast of sand hits the worm.
You kill the worm!
b - 44 stones
Casting: Sandblast (safe; 6% risk of failure)
Confirm with . or Enter, or press ? or * to list all spells.
You don't have enough magic to cast that spell.
Casting: Sandblast (safe; 6% risk of failure)
Confirm with . or Enter, or press ? or * to list all spells.
You don't have enough magic to cast that spell.
There is a stone staircase leading down here.
You start resting.
Eating a chunk of flesh.
You eat the chunk of flesh.
This raw flesh tastes great.
Magic restored.
You climb downwards.
Found 23 arrows.
There is a stone staircase leading up here.
You climb upwards.
There is a stone staircase leading down here. 2 jackals come into view.
Found 2 sapphire potions and a scroll labeled MINUVE COMUUMN.
There is a stone staircase leading down here.
You climb downwards.
Jessica the Apprentice Sorceress comes into view.
She is wielding a +0 dagger.
Jessica shouts!
Jessica gestures at you while chanting. Pain shoots through your body!
Ouch! That really hurt!
You die...

...
####..###
.........
..>......
#.!......
#.......$
#........
#@.......
#........
#........
#..@.....
#########


You could see Jessica.

Vanquished Creatures
  A worm (D:2)
  A goblin (D:1)
2 creatures vanquished.

Notes
Turn   | Place    | Note
-------+----------+-------------------------------------------
     0 | D:1      | Amnesiac the Felid Earth Elementalist began the quest for
                  | the Orb.
     0 | D:1      | Reached XP level 1. HP: 7/7 MP: 4/4
   117 | D:3      | Noticed Jessica
   117 | D:3      | Killed from afar by Jessica

Vault maps used:
D:1:      tarquinn_simple_flora_water_a
D:2:      minmay_kobold_bridge, nemelex_xobeh_ov_fountains_minmay, first_ration
D:3:      minitemple, cheibriados_altar_1, uniq_jessica

Action                   || total
-------------------------++-------
 Cast: Sandblast         ||     5
  Eat: Chunk             ||     1

Table legend:
 A = Non-vault XP
 B = Vault XP
 C = Vault XP percentage of total XP
 D = Non-vault monster count
 E = Vault monster count
 F = Vault count percentage of total count
                 A         B        C        D         E       F
            +---------+---------+-------+---------+---------+-------
      Total |       7 |       0 |   0.0 |       2 |       0 |   0.0
            +---------+---------+-------+---------+---------+-------
        D:1 |       2 |       0 |   0.0 |       1 |       0 |   0.0
        D:2 |       5 |       0 |   0.0 |       1 |       0 |   0.0
            +---------+---------+-------+---------+---------+-------
